 Dungeon Crawl Stone Soup version 0.16-a0-3820-g492871e (webtiles) character file.

2996 abixa the Basher (level 9, 14/97 HPs)
             Began as an Ogre Hunter on Jan 28, 2015.
             Quit the game on level 7 of the Dungeon.
             The game lasted 00:58:44 (9281 turns).

abixa the Basher (Ogre Hunter)                      Turns: 9281, Time: 00:58:44

Health: 14/97      AC:  6    Str: 19    XL:     9   Next: 84%
Magic:  9/9        EV: 10    Int: 10    God:
Gold:   413        SH:  0    Dex: 13    Spells: 0 memorised, 8 levels left

rFire  . . .     SeeInvis .     z - +1 dagger (venom)
rCold  + . .     Clarity  .     F - +2 robe {rC+}
rNeg   . . .     SustAb   .     (shield restricted)
rPois  .         Gourm    .     (helmet restricted)
rElec  .         Spirit   .     y - +0 cloak
rCorr  .         Warding  .     (gloves unavailable)
rMut   .         Stasis   .     (boots unavailable)
MR     .....                    (no amulet)
Stlth  +.........               (no ring)
                                (no ring)

@: mildly poisoned, not resistant to hostile enchantments, very unstealthy
A: unfitting armour, tough skin 1
a: no special abilities


You were on level 7 of the Dungeon.
You were very hungry.

You visited 2 branches of the dungeon, and saw 8 of its levels.
You also visited: Sewer.

You collected 413 gold pieces.

Inventory:

Hand weapons
 a - a +0 giant spiked club
 b - a +0 blowgun
 z - a +1 dagger of venom (weapon)
 G - a +0 hunting sling
 H - a +2 halberd of venom
Missiles
 c - 2 throwing nets
 h - 21 bolts
 n - 111 stones
 r - 21 sling bullets
 x - a tomahawk (quivered)
 C - 4 poisoned needles
Armour
 y - a +0 cloak (worn)
 F - a +2 robe of cold resistance (worn)
 J - a +2 shield
 S - a steam dragon hide
Magical devices
 m - a wand of slowing (22)
Scrolls
 e - 4 scrolls of remove curse
 g - 3 scrolls of amnesia
 j - 2 scrolls of magic mapping
 o - a scroll of recharging {unknown}
 s - 3 scrolls of identify
 u - 2 scrolls of blinking {unknown}
 w - 2 scrolls of teleportation {unknown}
 A - 3 scrolls of fog
 O - a scroll of enchant armour {unknown}
Potions
 i - a potion of agility {unknown}
 k - a potion of might {unknown}
 p - 3 potions of ambrosia
 q - 4 potions of restore abilities
 t - 4 potions of curing
 v - 2 potions of magic
 B - a potion of brilliance {unknown}
 D - a potion of degeneration {unknown}
 P - 2 potions of lignification {unknown}
 Q - a potion of beneficial mutation {unknown}
 R - a potion of resistance {unknown}
Comestibles
 d - 4 slices of pizza
 f - 5 meat rations
 l - 2 royal jellies
 K - 5 bread rations
 M - a beef jerky
 N - 3 fruits


   Skills:
 + Level 8.9 Fighting
 + Level 14.3 Maces & Flails
 - Level 4.3 Throwing
 - Level 1.7 Dodging
 - Level 0.7 Stealth


You had 8 spell levels left.
You didn't know any spells.

Dungeon Overview and Level Annotations

Branches:
Dungeon (7/15)             Temple (1/1) D:7

Altars:
Ashenzari
Cheibriados
Dithmenos
Elyvilon
Fedhas
Gozag
Kikubaaqudgha
Makhleb
Nemelex Xobeh
Ru
Trog
Vehumet
Xom
Zin

Shops:
D:4 %*(

Annotations:
D:4 dig for shop


Innate Abilities, Weirdness & Mutations

You are too large for most types of armour.
You have tough skin (AC +1).


Message History

You feel sick.
The killer bee stings you but does no damage.
The killer bee barely misses you.
You hit the killer bee.
The killer bee is heavily wounded.
You feel sick. The killer bee barely misses you.
The killer bee closely misses you.
You feel sick. The killer bee closely misses you.
* * * LOW HITPOINT WARNING * * *
You feel sick. The killer bee barely misses you.
You feel sick. The killer bee stings you!
* * * LOW HITPOINT WARNING * * *
Drink which item? (? for menu, Esc to quit)
You feel much better.
You feel sick. The killer bee barely misses you. The killer bee stings you.
* * * LOW HITPOINT WARNING * * *
You feel sick.
You kill the killer bee!
You feel sick.
Are you sure you want to abandon this character and quit the game? (Confirm with "yes".)

##.##..............#
#.###.##.#.########
#.######.#.#
#........#.######
##########......#
#.####.# #.# #.#
###########
#.####.###.........#
#.##...@..†....###.
......#.###.###†#
.....##.# #... ...
#...# #.# #####.###
#.. ..# .# . ### >#
.# .# .


There were no monsters in sight!

Vanquished Creatures
  A spriggan (D:7)
  2 deep elf fighters (D:5)
  A steam dragon (D:7)
  A water moccasin (D:5)
  An orc warrior (D:5)
  An ice beast (D:6)
  2 ogres
  A centaur (D:5)
  3 phantoms
  2 big kobolds (Sewer)
  Sigmund (D:2)
  Blork the orc (D:5)
  5 scorpions
  3 killer bees (D:7)
  A wight (D:5)
  A quasit (D:6)
  2 crimson imps
  3 hounds
  4 orc priests
  2 orc wizards
  A giant frog skeleton (D:4)
  2 iguanas
  8 worker ants
  13 gnolls
  A river rat (Sewer)
  8 adders
  A giant mite (D:7)
  2 shadow imps (D:5)
  2 worms
  An adder zombie (D:5)
  3 adder skeletons
  3 giant geckos
  8 oozes
  14 orcs
  4 ball pythons
  3 giant cockroaches
  7 hobgoblins
  6 jackals (D:2)
  11 kobolds
  8 bats
  8 giant newts
  10 goblins
  A jackal zombie (D:6)
  2 quokkas
  2 quokka skeletons
  18 rats
185 creatures vanquished.

Vanquished Creatures (others)
  A scorpion (D:7)
1 creature vanquished.

Grand Total: 186 creatures vanquished

Notes
Turn   | Place    | Note
--------------------------------------------------------------
     0 | D:1      | abixa, the Ogre Hunter, began the quest for the Orb.
     0 | D:1      | Reached XP level 1. HP: 22/22 MP: 1/1
   173 | D:1      | Reached skill level 1 in Maces & Flails
   411 | D:1      | Reached XP level 2. HP: 15/29 MP: 2/2
  1134 | D:2      | Reached XP level 3. HP: 32/36 MP: 3/3
  1623 | D:2      | Reached XP level 4. HP: 39/44 MP: 4/4
  1649 | D:2      | Reached skill level 5 in Maces & Flails
  1834 | D:2      | Noticed Sigmund
  1950 | D:2      | Killed Sigmund
  1950 | D:2      | Reached skill level 6 in Maces & Flails
  1950 | D:2      | Reached XP level 5. HP: 46/52 MP: 5/5
  2207 | D:2      | Found a sparkling altar of Nemelex Xobeh.
  2359 | D:2      | Found a burning altar of Makhleb.
  2531 | D:3      | Reached skill level 7 in Maces & Flails
  2531 | D:3      | Reached XP level 6. HP: 59/59 MP: 6/6
  3563 | D:4      | Found Pettuf's Food Boutique.
  3677 | D:4      | Reached skill level 8 in Maces & Flails
  3720 | D:4      | Found a glowing drain.
  3727 | Sewer    | Entered a sewer
  3850 | Sewer    | Reached skill level 9 in Maces & Flails
  3850 | Sewer    | Reached XP level 7. HP: 40/66 MP: 7/7
  4442 | D:4      | Found Joinwass' General Store.
  4448 | D:4      | Found Dakhyag's Antique Weapon Emporium.
  5070 | D:4      | Reached skill level 5 in Fighting
  5197 | D:4      | Reached skill level 10 in Maces & Flails
  5555 | D:5      | Entered Level 5 of the Dungeon
  5629 | D:5      | Noticed a deep elf fighter
  5694 | D:5      | Found a white marble altar of Elyvilon.
  5704 | D:5      | Reached XP level 8. HP: 80/83 MP: 8/8
  5892 | D:5      | Noticed Blork the orc
  5921 | D:5      | Noticed a deep elf fighter
  5935 | D:5      | Killed Blork the orc
  6308 | D:5      | Reached skill level 11 in Maces & Flails
  6413 | D:5      | Killed a deep elf fighter
  6443 | D:5      | Killed a deep elf fighter
  6494 | D:5      | Reached skill level 12 in Maces & Flails
  6525 | D:5      | Reached XP level 9. HP: 91/93 MP: 9/9
  6896 | D:5      | Reached skill level 13 in Maces & Flails
  8143 | D:7      | Found a staircase to the Ecumenical Temple.
  8149 | Temple   | Entered the Ecumenical Temple
  8345 | D:7      | Reached skill level 14 in Maces & Flails
  9270 | D:7      | HP: 3/97 [killer bee (6)]
  9277 | D:7      | HP: 2/97 [killer bee (7)]
  9281 | D:7      | Quit the game

Action                   |  1- 3 |  4- 6 |  7- 9 || total
-------------------------+-------+-------+-------++-------
Melee: Club              |    91 |       |       ||    91
       Short sword       |     4 |       |       ||     4
       Flail             |     4 |   119 |    99 ||   222
       Giant spiked club |       |       |   143 ||   143
       Dagger            |       |       |    10 ||    10
 Fire: Blowgun           |       |       |    30 ||    30
Throw: Stone             |    11 |    64 |   129 ||   204
       Large rock        |     3 |    15 |    32 ||    50
       Throwing net      |       |       |     1 ||     1
       Tomahawk          |       |       |     5 ||     5
  Use: Scroll            |       |       |    13 ||    13
       Potion            |       |       |     3 ||     3
 Stab: Sleeping          |       |       |     4 ||     4
  Eat: Chunk             |     2 |     7 |    16 ||    25
